 Dungeon Crawl Stone Soup version 0.30-a0-782-ge64f9170bb (webtiles) character file.

Game seed: 16728107206379960840

149 Leeroy the Slasher (level 5, -8/26 HPs)
             Began as a Vine Stalker Warper on Feb 19, 2023.
             Mangled by an ogre
             ... wielding a +0 giant club
              (21 damage)
             ... on level 4 of the Dungeon.
             The game lasted 00:02:14 (2338 turns).

Leeroy the Slasher (Vine Stalker Warper)            Turns: 2338, Time: 00:02:14

Health: -8/26      AC:  3    Str: 13    XL:     5   Next: 31%
Magic:  0/9        EV: 11    Int: 13    God:
Gold:   194        SH:  0    Dex: 16    Spells: 8/8 levels left

rFire   . . .      SeeInvis .    j - +0 long sword
rCold   . . .      Faith    .    (no shield)
rNeg    . . .      Spirit   +    b - +0 leather armour
rPois   .          Reflect  .    (no helmet)
rElec   .          Harm     .    (no cloak)
rCorr   .          Rampage  .    (no gloves)
Will    .....                    (no boots)
Stlth   +                        l - amulet of regeneration
HPRegen 1.84/turn                (no ring)
MPRegen 0.11/turn                (no ring)

@: no status effects
A: fangs 2, regeneration 1, magic shield, antimagic bite, no potion heal 2
a: no special abilities


You were on level 4 of the Dungeon.
You visited 1 branch of the dungeon, and saw 4 of its levels.

You collected 194 gold pieces.

Inventory:

Hand Weapons
 a - a +0 falchion
 j - a +0 long sword (weapon)
 o - a +0 dagger of holy wrath
Missiles
 d - 7 boomerangs of dispersal (quivered)
 f - 4 atropa-tipped darts
Armour
 b - a +0 leather armour (worn)
Jewellery
 i - an amulet of reflection
 l - an amulet of regeneration (around neck)
Wands
 t - a wand of light (8)
Scrolls
 h - a scroll of teleportation {unknown}
 p - 3 scrolls of identify {unknown}
 r - a scroll of immolation {unknown}
Potions
 c - a potion of heal wounds {unknown}
 e - 3 potions of flight {unknown}
 g - 2 potions of resistance {unknown}
 k - 2 potions of curing {unknown}
 m - a potion of ambrosia {unknown}
 n - a potion of mutation {unknown}
 q - a potion of lignification {unknown}
 s - a potion of haste {unknown}


   Skills:
 - Level 1.7 Fighting
 + Level 4.9 Long Blades
 - Level 0.8 Throwing
 - Level 0.7 Armour
 - Level 1.5 Dodging
 - Level 2.1 Spellcasting
 - Level 3.0 Translocations


You had 8 spell levels left.
You didn't know any spells.
Your spell library contained the following spells:

 Spells                   Type           Power      Damage    Failure   Level
 Blink                    Tloc           18%        N/A       14%         2
 Lesser Beckoning         Tloc           18%        N/A       14%         2
 Teleport Other           Tloc           9%         N/A       28%         3
 Sting                    Tmut/Pois      4%         1d3       32%         1
 Poisonous Vapours        Pois/Air       2%         N/A       43%         2
 Vhi's Electric Charge    Tloc/Air       10%        N/A       45%         3
 Manifold Assault         Tloc           9%         N/A       67%         4
 Olgreb's Toxic Radiance  Pois           1%         N/A       97%         4


Dungeon Overview and Level Annotations

Branches:
Dungeon (4/15)
 Temple: D:4-7

Altars:
Dithmenos
Elyvilon
Trog
Uskayaw

Annotations:
D:3 1 runed translucent door, Crazy Yiuf


Innate Abilities, Weirdness & Mutations

You have extremely sharp teeth.
Your natural rate of healing is unusually fast.
When hurt, damage is shared between your health and your magic reserves.
Your bite disrupts and absorbs the magic of your enemies.
Potions cannot restore your health.


Message History

There is a stone staircase leading up here.
A goblin comes into view. It is wielding a +0 club.
The goblin shouts!
A hobgoblin comes into view.
There are monsters nearby!
There are monsters nearby!
Found a short sword.
The hobgoblin shouts!
An ogre comes into view. It is wielding a +0 giant club.
Found an embroidered robe.
The goblin hits you with a +0 club.
You closely miss the goblin. Your bite misses the goblin.
The goblin closely misses you.
You hit the goblin.
You kill the goblin!
You closely miss the hobgoblin.
The hobgoblin hits you but does no damage.
You slash the hobgoblin!
You kill the hobgoblin!
The ogre barely misses you.
Things that are here:
a +0 club; a hobgoblin corpse You hit the ogre.
Your bite misses the ogre.
The ogre is lightly wounded.
The ogre barely misses you.
You hit the ogre but do no damage. You bite the ogre, but do no damage.
The ogre is lightly wounded.
The ogre closely misses you.
You hit the ogre.
The ogre is moderately wounded.
You slash the ogre! You bite the ogre. You drain its power.
The ogre is severely wounded.
The ogre hits you with a +0 giant club!!
Ouch! That really hurt!
You are too injured to fight recklessly!
You hit the ogre but do no damage. You bite the ogre. You drain its power.
You feel invigorated.
The ogre is severely wounded.
The ogre hits you with a +0 giant club!!
Ouch! That really hurt!
You die...

#...# #...# ######...#
#....#...# #.##.#...#
#######.##.#...#
#.....#.##.#...###.#
#.......##.....@O..#
#.<...######...###.....
###.### .......$.# #[.
#.# ........#.# #..
+..........#
#####.......####
.....)..# .......##


You could see an ogre.

Vanquished Creatures
  Natasha (twice) (D:3)
  Robin (D:3)
  An adder (D:2)
  A worm (D:3)
  3 dart slugs
  5 orcs (D:3)
  6 bats
  4 endoplasms
  A giant cockroach (D:2)
  12 goblins
  6 hobgoblins
  4 jackals (D:2)
  2 quokkas (D:1)
  7 ball pythons
  2 frilled lizards (D:1)
  2 kobolds
  3 rats
62 creatures vanquished.

Notes
Turn   | Place    | Note
-------+----------+-------------------------------------------
     0 | D:1      | Leeroy the Vine Stalker Warper began the quest for the Orb.
     0 | D:1      | Reached XP level 1. HP: 11/11 MP: 4/4
    58 | D:1      | Reached skill level 2 in Long Blades
   139 | D:1      | Reached XP level 2. HP: 15/15 MP: 6/6
   438 | D:1      | Reached skill level 3 in Long Blades
   620 | D:2      | Reached XP level 3. HP: 18/18 MP: 7/7
  1223 | D:3      | Found a white marble altar of Elyvilon.
  1224 | D:3      | Found a bloodstained altar of Trog.
  1282 | D:3      | Found a faded altar of an unknown god.
  1297 | D:3      | Gained mutation: Your natural rate of healing is unusually
                  | fast. [Vine Stalker growth]
  1297 | D:3      | Reached XP level 4. HP: 23/23 MP: 6/8
  1367 | D:3      | Found a shadowy altar of Dithmenos.
  1485 | D:3      | Noticed Natasha
  1492 | D:3      | Killed Natasha
  1493 | D:3      | Reached skill level 4 in Long Blades
  1563 | D:3      | Found a runed translucent door.
  1564 | D:3      | Noticed Crazy Yiuf
  1578 | D:3      | Noticed Robin
  1870 | D:3      | Killed Robin
  1871 | D:3      | Reached XP level 5. HP: 23/26 MP: 6/9
  1921 | D:3      | Found a hide-covered altar of Uskayaw.
  2098 | D:3      | Noticed Natasha
  2108 | D:3      | Killed Natasha
  2328 | D:4      | Noticed an ogre
  2338 | D:4      | Mangled by an ogre

Illustrated notes

Levels and vault maps discovered:
D:1:      minmay_arrival_up_and_down, layout_rooms, minivault_27
D:2:      layout_basic
D:3:      layout_loops_ring, nicolae_uskayaw_murder_on_the_dancefloor,
          gammafunk_temple_overflow_pools, amcnicky_altar_gilded,
          basic_ecumenical_altar, minivault_25, st_stairs_8, uniq_natasha,
          uniq_robin, uniq_crazy_yiuf_cottage
D:4:      layout_basic, zin_treasury, minmay_temple_entry_fiery

Skill      XL: |  1  2  3  4 |
---------------+-------------+-----
Long Blades    | 2 3 4 |  4.9
Fighting       | |  1.7
Throwing       | |  0.8
Armour         | |  0.7
Dodging        | |  1.5
Spellcasting   | |  2.1
Translocations | |  3.0

Action                     |  1- 3 |  4- 6 || total
---------------------------+-------+-------++-------
  Melee: Falchion          |    55 |       ||    55
         Bite              |    21 |    16 ||    37
         Long sword        |    64 |    59 ||   123
         Punch             |     1 |     1 ||     2
    Use: Scroll            |       |     1 ||     1
 Armour: Leather armour    |    29 |    16 ||    45
  Dodge: Dodged            |    89 |    34 ||   123

Table legend: (Time is in decaauts)
 A = Elapsed time spent in this place.
 B = Non-inter-level travel time spent in this place.
 C = Inter-level travel time spent in this place.
 D = Time resting spent in this place.
 E = Time spent auto-exploring this place.
 F = Levels seen in this place.
 G = Mean time per level.
                   A        B        C        D        E       F      G
               +--------+--------+--------+--------+--------+-----+--------+
         Total |   2371 |   2299 |     72 |    207 |   1617 |   4 |  592.8 |
       Dungeon |   2371 |   2299 |     72 |    207 |   1617 |   4 |  592.8 |
               +--------+--------+--------+--------+--------+-----+--------+

Top non-repeatable levels by time:
     D:3: 1145 daAuts
     D:2: 693 daAuts
     D:1: 501 daAuts
     D:4: 30 daAuts
